 Dungeon Crawl Stone Soup version 0.28-a0-828-g0121872642 (webtiles) character file.

Game seed: 4350241592795025869

4468 bande the Cleaver (level 10, 0/65 HPs)
             Began as a Gargoyle Fighter on Nov 11, 2021.
             Was a Follower of Okawaru.
             Slain by a tentacled starspawn (9 damage)
             ... on level 3 of the Abyss.
             The game lasted 00:15:03 (9146 turns).

bande the Cleaver (Gargoyle Fighter)                Turns: 9146, Time: 00:15:04

Health: 0/65       AC: 21    Str: 26      XL:     10   Next: 37%
Magic:  19/19      EV:  7    Int:  9 (10) God:    Okawaru [*.....]
Gold:   240        SH: 10    Dex: 11      Spells: 9/9 levels left

rFire   + + +      SeeInvis .   a - +1 war axe (drain)
rCold   . . .      Faith    .   c - +0 buckler
rNeg    + . .      Spirit   .   l - +6 scale mail of Byneepn {-Tele rF+++ MP+9 Stlth+}
rPois   ∞          Reflect  +   (no helmet)
rElec   +          Harm     .   (no cloak)
rCorr   .          Rampage  .   (no gloves)
Will    .....      NoTele   +   (no boots)
Stlth   +.........              b - amulet of reflection
HPRegen 0.20/turn               e - +6 ring of strength
MPRegen 0.16/turn               (no ring)

@: constricted
A: sickness immunity, AC +7, negative energy resistance 1, electricity
resistance, torment resistance 1, petrification resistance, claws 1
a: Renounce Religion, Heroism


You were on level 3 of the Abyss.
You worshipped Okawaru.
Okawaru was aware of your devotion.
You visited 2 branches of the dungeon, and saw 10 of its levels.
You visited the Abyss 1 time.

You collected 448 gold pieces.
You spent 208 gold pieces at shops.

Inventory:

Hand Weapons
 a - a +1 war axe of draining (weapon)
 t - a +1 flail
 w - a +0 war axe
Missiles
 g - a throwing net (quivered)
Armour
 c - a +0 buckler (worn)
 d - a +0 chain mail
 h - a +1 helmet
 k - a +0 helmet of see invisible
 l - the +6 scale mail of Byneepn (worn) {-Tele rF+++ MP+9 Stlth+}
   (You found it on level 5 of the Dungeon)

   rF:        It renders you almost immune to fire.
   MP:        It affects your magic capacity (+9).
   -Tele:     It prevents most forms of teleportation.
   Stlth:     It makes you more stealthy.
 u - a +0 plate armour
Jewellery
 b - an amulet of reflection (around neck)
 e - a +6 ring of strength (left claw)
 j - a ring of fire
 s - an amulet of magic regeneration
Wands
 o - a wand of polymorph (6)
 r - a wand of charming (13)
 B - a wand of acid (18)
Scrolls
 f - a scroll of brand weapon
 m - 2 scrolls of blinking
 q - 2 scrolls of teleportation
 x - a scroll of enchant weapon
 y - a scroll of identify
 z - a scroll of fear
Potions
 i - a potion of magic {unknown}
 n - a potion of ambrosia
 p - 3 potions of flight {unknown}
 v - a potion of attraction {unknown}
 A - a potion of curing {unknown}
 C - 2 potions of heal wounds


   Skills:
 * Level 8.5 Fighting
 + Level 8.6(8.8) Axes
 - Level 1.8(6.2) Maces & Flails
 - Level 1.4(5.6) Polearms
 + Level 7.2 Armour
 - Level 0.6 Stealth
 + Level 6.9 Shields
 + Level 1.8 Unarmed Combat
 * Level 1.3 Invocations
 * Level 1.2 Evocations


You had 9 spell levels left.
You didn't know any spells.
Your spell library contained the following spells:

 Spells                   Type           Power      Damage    Failure   Level
 Corpse Rot               Necr/Air       0%         N/A       77%         2
 Poisonous Vapours        Pois/Air       0%         N/A       77%         2
 Gell's Gravitas          Tloc           0%         N/A       94%         3
 Lesser Beckoning         Tloc           0%         N/A       94%         3
 Portal Projectile        Hex/Tloc       0%         N/A       94%         3
 Teleport Other           Tloc           0%         N/A       94%         3
 Blade Hands              Tmut           0%         N/A       100%        5
 Excruciating Wounds      Necr           0%         N/A       100%        5
 Fireball                 Conj/Fire      0%         3d3       100%        5
 Iskenderun's Battlesphe  Conj           0%         2d6       100%        5
 Conjure Ball Lightning   Conj/Air       0%         3x3d6     100%        6
 Orb of Destruction       Conj           0%         N/A       100%        7


Dungeon Overview and Level Annotations

Branches:
Dungeon (9/15)             Temple (1/1) D:7             Orc (0/2) D:9
   Lair: D:8-11

Altars:
Ashenzari
Cheibriados
Gozag
Hepliaklqana
Makhleb
Okawaru
Qazlal
Ru
Sif Muna
Trog
Xom
Zin

Shops:
D:2 :   D:4 *   D:5 ?   D:7 !


Innate Abilities, Weirdness & Mutations

You are immune to sickness and miasma.
Your stone body is resilient. (AC +7)
You are immune to poison.
You resist negative energy. (rN+)
You are resistant to electric shocks. (rElec)
You are resistant to unholy torment.
You are immune to petrification.
You have sharp fingernails.


Message History

You slash the tentacled starspawn!
A tentacle flies out from the starspawn's body!
The starspawn tentacle barely misses you.
A starspawn tentacle comes into view.
You hit the tentacled starspawn but do no damage.
The tentacled starspawn is heavily damaged.
You slash the starspawn tentacle! You hit the starspawn tentacle.
The tentacled starspawn bites you!!
* * * LOW HITPOINT WARNING * * *
The tentacled starspawn barely misses you.
You block the starspawn tentacle's attack.
The starspawn tentacle grabs you. The starspawn tentacle constricts you.
* * * LOW HITPOINT WARNING * * *
You slash the tentacled starspawn!
The starspawn tentacle loses its grip on you.
The tentacled starspawn is severely damaged.
You hit the starspawn tentacle. x2
The tentacled starspawn barely misses you.
The tentacled starspawn tentacle-slaps you but does no damage.
The starspawn tentacle closely misses you.
The starspawn tentacle grabs you. The starspawn tentacle constricts you.
You block the tentacled starspawn's attack. x2
You hit the tentacled starspawn.
The starspawn tentacle loses its grip on you.
The tentacled starspawn is severely damaged.
You slash the starspawn tentacle! You hit the starspawn tentacle.
You block the starspawn tentacle's attack.
The starspawn tentacle grabs you. The starspawn tentacle constricts you.
The tentacled starspawn bites you but does no damage.
The tentacled starspawn tentacle-slaps you but does no damage.
You barely miss the tentacled starspawn.
The starspawn tentacle loses its grip on you.
The tentacled starspawn is almost destroyed.
You hit the starspawn tentacle. x2
You block the starspawn tentacle's attack.
The starspawn tentacle grabs you. The starspawn tentacle constricts you.
* * * LOW HITPOINT WARNING * * *
You block the tentacled starspawn's attack.
The tentacled starspawn tentacle-slaps you!
You die...

..≈≈ ≈≈≈ ≈≈
## # ..# ..
≈≈≈ . ..#
...## ≈≈≈ ≈ #
##. ## . # ..
#. # . .# ###
...#. .#..# #
.# .
.#..#..####
... . .
......Λ.###.#
# ##..
#.#X@#. . .
#. . .#w.w# #
.# # . #──.#
##V..## .# #
. #.# ##...
.# #.. # #.##
# ##. ..# .
## . ##.# #
.# ...


You could see a tentacled starspawn and 2 starspawn tentacles.

Vanquished Creatures
  Pikel (D:4)
  A smoke demon (Abyss:3)
  Grinder (D:4)
  Prince Ribbit (D:5)
  Sigmund (D:2)
  2 yaks (D:9)
  A steam dragon (D:8)
  A neqoxec (Abyss:3)
  An acid dragon (D:8)
  2 black bears (D:5)
  A necrophage (D:6)
  2 ogres (D:5)
  A centaur (D:8)
  2 phantoms (D:5)
  Blork the orc (D:4)
  3 kobold brigands
  2 bullfrogs
  2 scorpions
  2 water moccasin skeletons
  8 wights
  2 howler monkeys
  2 centaur skeletons
  2 orc priests
  3 hounds
  Ijyb (D:4)
  5 orc wizards
  4 iguanas
  2 killer bee zombies
  A hound skeleton (D:5)
  Robin (D:3)
  3 howler monkey zombies
  4 gnolls (D:7)
  2 howler monkey skeletons
  6 adders
  A shadow imp (D:6)
  3 white imps
  An adder skeleton (D:4)
  2 worms
  2 dart slugs (D:3)
  18 orcs
  4 bats (D:2)
  11 endoplasms
  2 giant cockroaches
  11 goblins
  9 hobgoblins
  3 jackals (D:3)
  A quokka (D:4)
  7 ball pythons
  A frilled lizard (D:2)
  17 kobolds
  4 rats
  A starspawn tentacle (Abyss:3)
172 creatures vanquished.

Vanquished Creatures (others)
  15 fungi (D:9)
  11 plants (D:9)
  2 starspawn tentacles (Abyss:3)
  5 toadstools (D:1)
33 creatures vanquished.

Grand Total: 205 creatures vanquished

Notes
Turn   | Place    | Note
-------+----------+-------------------------------------------
     0 | D:1      | bande the Gargoyle Fighter began the quest for the Orb.
     0 | D:1      | Reached XP level 1. HP: 14/14 MP: 1/1
   356 | D:1      | Reached XP level 2. HP: 8/19 MP: 2/2
  1612 | D:2      | Noticed Sigmund
  1618 | D:2      | Reached XP level 3. HP: 16/23 MP: 3/3
  2066 | D:2      | Killed Sigmund
  2067 | D:2      | Reached skill level 1 in Maces & Flails
  2067 | D:2      | Reached skill level 1 in Polearms
  2067 | D:2      | Reached XP level 4. HP: 19/29 MP: 4/4
  2067 | D:2      | Reached XP level 5. HP: 22/33 MP: 5/5
  2221 | D:2      | Found Leas's Book Emporium.
  2415 | D:2      | Noticed an eye of devastation
  2416 | D:2      | Found a faded altar of an unknown god.
  2423 | D:2      | Noticed a golden eye
  2430 | D:2      | Noticed a golden eye
  2435 | D:2      | Noticed a great orb of eyes
  3038 | D:3      | Noticed Robin
  3041 | D:3      | Reached XP level 6. HP: 34/38 MP: 6/6
  3049 | D:3      | Killed Robin
  3092 | D:3      | Found a stormy altar of Qazlal.
  3093 | D:3      | Found a sacrificial altar of Ru.
  3096 | D:3      | Found an opulent altar of Gozag.
  3118 | D:3      | Found a transporter.
  3123 | D:3      | Found a transporter.
  3134 | D:3      | Found a burning altar of Makhleb.
  3888 | D:4      | Gained mutation: Your magical capacity is low. (-10% MP)
                  | [potion of mutation]
  3888 | D:4      | Gained mutation: You passively map a small area around you.
                  | [potion of mutation]
  3901 | D:4      | Noticed Blork the orc
  3905 | D:4      | Killed Blork the orc
  3906 | D:4      | Reached skill level 5 in Armour
  4082 | D:4      | Reached XP level 7. HP: 39/44 MP: 6/6
  4118 | D:4      | Noticed Grinder
  4152 | D:4      | Paralysed by Grinder for 4 turns
  4157 | D:4      | Killed Grinder
  4697 | D:4      | Noticed Ijyb
  4702 | D:4      | Reached skill level 5 in Fighting
  4708 | D:4      | Reached skill level 5 in Axes
  4709 | D:4      | Killed Ijyb
  4734 | D:4      | Reached XP level 8. HP: 11/49 MP: 7/7
  4783 | D:4      | Noticed Pikel
  4812 | D:4      | HP: 2/49 [Pikel (5)]
  4815 | D:4      | Killed Pikel
  4816 | D:4      | Reached skill level 1 in Unarmed Combat
  5217 | D:4      | Found Kourchecweunk's Overcharged Wands.
  5432 | D:5      | Entered Level 5 of the Dungeon
  5470 | D:5      | Identified the +6 scale mail of Byneepn {-Tele rF+++ MP+9
                  | Stlth+}
  5554 | D:5      | Reached skill level 5 in Shields
  5564 | D:5      | Reached XP level 9. HP: 41/56 MP: 8/8
  5933 | D:5      | Noticed Prince Ribbit
  5948 | D:5      | Killed Prince Ribbit
  6428 | D:5      | Found Zalyjat's Magic Scroll Shoppe.
  6599 | D:6      | You fall into a shaft and drop 3 floors!
  6678 | D:9      | Found a staircase to the Orcish Mines.
  7117 | D:8      | Noticed an orc sorcerer
  7119 | D:7      | Found a staircase to the Ecumenical Temple.
  7126 | Temple   | Entered the Ecumenical Temple
  7245 | Temple   | Became a worshipper of Warmaster Okawaru
  7373 | D:7      | Reached XP level 10. HP: 56/64 MP: 9/9
  8807 | D:7      | Found Leis's Distillery.
  8827 | D:7      | Bought a potion of mutation for 104 gold pieces
  8828 | D:7      | Lost mutation: You passively map a small area around you.
                  | [potion of mutation]
  8828 | D:7      | Lost mutation: Your magical capacity is low. (-10% MP)
                  | [potion of mutation]
  8828 | D:7      | Gained mutation: You have hidden genetic defects. [potion
                  | of mutation]
  8828 | D:7      | Gained mutation: You have a pair of small horns on your
                  | head. [potion of mutation]
  8830 | D:7      | Bought a potion of mutation for 104 gold pieces
  8830 | D:7      | Lost mutation: You have hidden genetic defects. [potion of
                  | mutation]
  8830 | D:7      | Lost mutation: You have a pair of small horns on your head.
                  | [potion of mutation]
  8830 | D:7      | Gained mutation: You have sharp fingernails. [potion of
                  | mutation]
  9033 | D:8      | Noticed a wizard
  9042 | D:8      | Cast into level 3 of the Abyss (a wizard)
  9067 | Abyss:3  | Found a corrupted altar of Lugonu.
  9118 | Abyss:3  | Reached skill level 1 in Evocations
  9129 | Abyss:3  | Noticed a smoke demon
  9131 | Abyss:3  | Noticed a tentacled starspawn
  9137 | Abyss:3  | Killed a smoke demon
  9137 | Abyss:3  | Reached * piety under Okawaru
  9138 | Abyss:3  | Reached skill level 1 in Invocations
  9146 | Abyss:3  | Slain by a tentacled starspawn

Illustrated notes

Levels and vault maps discovered:
D:1:      ldierk_walled_garden, layout_basic
D:2:      layout_loops_cross, hellmonk_ecumenical_altar_watching_god,
          serial_shops, shop_statue, uniq_sigmund
D:3:      layout_basic, gammafunk_temple_overflow_arena,
          nicolae_gozag_seed_capital, minmay_hedge_maze,
          chequers_serial_rivers_micro_b, uniq_robin
D:4:      layout_basic, serial_glass, glass_columns_c, glass_columns_c,
          serial_park_tiny_1, nicolae_shop_overcharged_wands, uniq_grinder,
          uniq_ijyb, uniq_pikel, uniq_blork_the_orc
D:5:      layout_rooms, serial_shops, nicolae_shop_stone, uniq_prince_ribbit1
D:6:      layout_loops_ring, lightli_ossuary_entry_decrepit_ruins,
          portal_sewer_entry_a
D:7:      layout_basic, minmay_temple_entry_stoned_glass, serial_shops,
          nicolae_stop_n_shop_2, serial_park_tiny_1
D:8:      cheibrodos_wizards_tower, layout_rooms,
          mainiacjoe_overflow_large_starburst, grunt_ministairs_14
D:9:      layout_basic, grunt_lair_entry_orc_guard_hut, orc_0_dummy,
          minivault_28
Temple:   regret_index_temple_sphere_string
Abyss:3:  base: D:9, hangedman_abyss_mock_shop, evilmike_abyss_exit_16

Skill      XL: |  1  2  3  4  5  6  7  8  9 10 |
---------------+-------------------------------+-----
Axes           | 2 3 4 5 6 8 |  8.6
Maces & Flails | 1 |  1.8
Polearms       | 1 |  1.4
Armour         | 4 5 6 7 |  7.2
Fighting       | 4 5 6 7 8 |  8.5
Shields        | 4 5 6 |  6.9
Unarmed Combat | 1 |  1.8
Evocations     | 1 |  1.2
Invocations    | 1 |  1.3
Stealth        | |  0.6

Action                   |  1- 3 |  4- 6 |  7- 9 | 10-12 || total
-------------------------+-------+-------+-------+-------++-------
Melee: War axe           |    37 |    94 |   232 |   145 ||   508
       Unarmed           |       |       |    12 |       ||    12
  Use: Scroll            |     3 |     6 |     3 |     2 ||    14
       Potion            |     1 |     1 |       |     2 ||     4
Armor: Scale mail        |    16 |     4 |    95 |    79 ||   194
       Chain mail        |       |    47 |    40 |       ||    87
       Skin              |       |       |     3 |       ||     3
Dodge: Dodged            |    15 |    42 |   133 |    45 ||   235
Block: Buckler           |     4 |    61 |   129 |    95 ||   289
       Reflection        |       |     4 |     3 |     2 ||     9
       Other             |       |       |     3 |       ||     3

Table legend: (Time is in decaauts)
 A = Elapsed time spent in this place.
 B = Non-inter-level travel time spent in this place.
 C = Inter-level travel time spent in this place.
 D = Time resting spent in this place.
 E = Time spent auto-exploring this place.
 F = Levels seen in this place.
 G = Mean time per level.
                   A        B        C        D        E       F      G
               +--------+--------+--------+--------+--------+-----+--------+
         Total |   9247 |   9108 |    139 |   2837 |   4436 |  11 |  840.6 |
       Dungeon |   8997 |   8882 |    115 |   2837 |   4258 |   9 |  999.7 |
        Temple |    144 |    120 |     24 |      0 |    108 |   1 |  144.0 |
         Abyss |    105 |    105 |      0 |      0 |     70 |   1 |  105.0 |
               +--------+--------+--------+--------+--------+-----+--------+

Top non-repeatable levels by time:
     D:1: 2028 daAuts
     D:4: 1959 daAuts
     D:5: 1124 daAuts
     D:7: 972 daAuts
     D:6: 835 daAuts
     D:3: 813 daAuts
     D:2: 694 daAuts
     D:9: 294 daAuts
     D:8: 274 daAuts
  Temple: 144 daAuts
 Abyss:3: 105 daAuts
